 Dungeon Crawl Stone Soup version 0.30-a0-739-gea05faddec (webtiles) character file.

Game seed: 14450673127162617859

989 ASSMAN the Cleaver (level 8, 0/73 HPs)
             Began as a Hill Orc Monk on Feb 5, 2023.
             Was an Elder of Zin.
             Slain by a hornet (5 damage)
             ... while paralysed by a hornet
             ... on level 5 of the Dungeon.
             The game lasted 00:05:16 (4157 turns).

ASSMAN the Cleaver (Hill Orc Monk)                  Turns: 4157, Time: 00:05:17

Health: 0/73       AC: 12    Str: 22    XL:     8   Next: 18%
Magic:  12/12      EV:  2    Int: 10    God:    Zin [****..]
Gold:   153        SH:  0    Dex: 13    Spells: 7/7 levels left

rFire   . . .      SeeInvis .    a - +0 hand axe
rCold   . . .      Faith    .    i - +0 buckler
rNeg    . . .      Spirit   .    k - +0 plate armour
rPois   .          Reflect  .    p - +0 helmet
rElec   .          Harm     .    l - +0 cloak
rCorr   .          Rampage  .    (no gloves)
Will    .....                    (no boots) Stlth
                                 (no amulet)
HPRegen 0.32/turn                f - +6 ring of strength
MPRegen 0.13/turn                (no ring)

@: paralysed, mighty, lethally poisoned (0 -> -11), slowed
A: no striking features
a: Renounce Religion, Recite, Vitalisation, Imprison, Donate Gold


You were on level 5 of the Dungeon.
You worshipped Zin.
Zin was greatly pleased with you.
You visited 1 branch of the dungeon, and saw 5 of its levels.

You collected 170 gold pieces.
You donated 17 gold pieces to Zin.

Inventory:

Hand Weapons
 a - a +0 hand axe (weapon)
Armour
 i - a +0 buckler (worn)
 k - a +0 plate armour (worn)
 l - a +0 cloak (worn)
 p - a +0 helmet (worn)
Jewellery
 f - a +6 ring of strength (left hand)
 o - a ring of protection from cold
 u - an amulet of reflection
Wands
 v - a wand of roots (3)
Scrolls
 b - a scroll of fear {unknown}
 d - 5 scrolls of identify {unknown}
 j - a scroll of poison {unknown}
 m - 2 scrolls of enchant armour {unknown}
 r - 3 scrolls of teleportation {unknown}
 t - a scroll of fog {unknown}
Potions
 c - 2 potions of ambrosia
 e - 2 potions of curing
 g - a potion of might
 h - a potion of degeneration {unknown}
 n - a potion of mutation {unknown}
 q - a potion of magic {unknown}
 s - 2 potions of lignification {unknown}
 w - a potion of flight {unknown}


   Skills:
 + Level 7.4 Fighting
 + Level 8.2 Axes
 - Level 2.4 Dodging
 - Level 1.5 Stealth
 + Level 6.3 Invocations


You had 7 spell levels left.
You didn't know any spells.
Your spell library contained the following spells:

 Spells                   Type           Power      Damage    Failure   Level
 Blink                    Tloc           0%         N/A       100%        2
 Lesser Beckoning         Tloc           0%         N/A       100%        2
 Momentum Strike          Conj/Tloc      0%         3d8       100%        2


Dungeon Overview and Level Annotations

Branches:
Dungeon (5/15)
 Temple: D:4-7

Altars:
Elyvilon
Gozag
Hepliaklqana
Kikubaaqudgha
Okawaru
Qazlal
Sif Muna
Trog
Zin


Message History

You are more poisoned.
You feel as though you will be slow longer.
The hornet stings you.
You are lethally poisoned!
You feel as though you will be slow longer.
You slash the hornet!
The hornet is severely wounded.
* * * LOW HITPOINT WARNING * * *
You feel extremely sick.
The hornet stings you but does no damage.
You block the hornet's attack.
It was a potion of curing.
You feel better. The hornet stings you.
* * * LOW HITPOINT WARNING * * *
You are poisoned.
You feel as though you will be slow longer.
The hornet completely misses you.
You hit the hornet.
The hornet is severely wounded.
You feel very sick. The hornet barely misses you.
You block the hornet's attack.
You slash the hornet!
The hornet is almost dead.
You feel very sick. The hornet stings you.
* * * LOW HITPOINT WARNING * * *
You are lethally poisoned!
You suddenly lose the ability to move!
The hornet stings you but does no damage.
* * * LOW HITPOINT WARNING * * *
You feel very sick. The hornet stings you! Zin protects you from harm!
You feel as though you will be slow longer.
The hornet stings you! Zin protects you from harm!
You feel as though you will be slow longer.
* * * LOW HITPOINT WARNING * * *
You feel very sick. The hornet stings you.
You die...

#....##...##.....#
#....#.....#.....#
+....#.....'.....#
#....###+###.....#
#.<.)...........##
+...............'.
#...............#.
#####+#...............##
....:..@......####'#....
.......y......#....+....
..............#....#....
..............#....#....
..............#....#....
..............#....#....
..............#....#....
+#####....##+##....#....
#######....


You could see a hornet.

Vanquished Creatures
  Grinder (D:3)
  A shadow (D:5)
  Duvessa (D:4)
  An ice beast (D:4)
  An ogre (D:5)
  A necrophage (D:4)
  Dowan (D:4)
  An orc priest (D:3)
  Ijyb (D:4)
  An orc wizard (D:3)
  Robin (D:3)
  7 adders
  A worm (D:2)
  2 dart slugs
  6 orcs (D:3)
  8 ball pythons
  7 endoplasms
  6 giant cockroaches
  14 goblins
  13 hobgoblins
  7 quokkas
  3 bats
  3 frilled lizards
  5 kobolds
  12 rats
105 creatures vanquished.

Vanquished Creatures (others)
  A fungus (D:1)
1 creature vanquished.

Grand Total: 106 creatures vanquished

Notes
Turn   | Place    | Note
-------+----------+-------------------------------------------
     0 | D:1      | ASSMAN the Hill Orc Monk began the quest for the Orb.
     0 | D:1      | Reached XP level 1. HP: 19/19 MP: 1/1
   125 | D:1      | Reached XP level 2. HP: 27/27 MP: 2/2
   304 | D:1      | Reached XP level 3. HP: 26/34 MP: 3/3
   371 | D:1      | Found a faded altar of an unknown god.
   403 | D:1      | Prayed at the altar of an unknown god.
   403 | D:1      | Became a worshipper of Zin the Law-Giver
   403 | D:1      | Reached * piety under Zin
   403 | D:1      | Reached ** piety under Zin
   577 | D:2      | Reached skill level 5 in Axes
   609 | D:2      | Reached skill level 1 in Invocations
   676 | D:2      | Found a bloodstained altar of Trog.
   816 | D:2      | Reached *** piety under Zin
   838 | D:2      | Reached XP level 4. HP: 17/41 MP: 3/5
  1603 | D:3      | Reached skill level 5 in Fighting
  1660 | D:3      | Noticed Robin
  1667 | D:3      | Reached XP level 5. HP: 41/41 MP: 6/6
  1680 | D:3      | Killed Robin
  1840 | D:3      | Noticed Grinder
  1849 | D:3      | Paralysed by Grinder for 2 turns
  1854 | D:3      | Paralysed by Grinder for 5 turns
  1861 | D:3      | Killed Grinder
  1862 | D:3      | Reached skill level 6 in Axes
  1862 | D:3      | Reached XP level 6. HP: 30/57 MP: 6/9
  2716 | D:4      | Found a stormy altar of Qazlal.
  2718 | D:4      | Found a white marble altar of Elyvilon.
  2719 | D:4      | Found an opulent altar of Gozag.
  2719 | D:4      | Found a shimmering blue altar of Sif Muna.
  2720 | D:4      | Found a hazy altar of Hepliaklqana.
  2720 | D:4      | Found an ancient bone altar of Kikubaaqudgha.
  2720 | D:4      | Found an iron altar of Okawaru.
  2721 | D:4      | Noticed Duvessa
  2722 | D:4      | Noticed Dowan
  2741 | D:4      | Killed Duvessa
  2742 | D:4      | Reached skill level 7 in Axes
  2742 | D:4      | Reached XP level 7. HP: 42/64 MP: 10/10
  2750 | D:4      | Killed Dowan
  2751 | D:4      | Reached skill level 5 in Invocations
  3058 | D:4      | Noticed Ijyb
  3070 | D:4      | Killed Ijyb
  3587 | D:5      | Entered Level 5 of the Dungeon
  3614 | D:5      | Noticed a shadow
  3637 | D:5      | Killed a shadow
  3638 | D:5      | Reached skill level 8 in Axes
  3638 | D:5      | Reached XP level 8. HP: 32/73 MP: 12/12
  4079 | D:5      | Reached **** piety under Zin
  4144 | D:5      | Noticed a hornet
  4155 | D:5      | Paralysed by a hornet for 3 turns
  4156 | D:5      | Zin protects you from harm!
  4156 | D:5      | Zin protects you from harm!
  4157 | D:5      | Slain by a hornet

Illustrated notes

Levels and vault maps discovered:
D:1:      dpeg_arrival_prison, layout_rooms, ebering_ecumenical_altar_petrified,
          st_stairs_12
D:2:      minmay_door_path, layout_rooms, basic_altar, grunt_ministairs_1
D:3:      layout_loops_corners, uniq_robin, uniq_grinder
D:4:      layout_loops_ring, grunt_temple_overflow_open, uniq_ijyb, uniq_duvessa
D:5:      layout_gridville, ashenzari_conservatory_becter

Skill      XL: |  1  2  3  4  5  6  7 |
---------------+----------------------+-----
Fighting       | 4 5 6 7 |  7.4
Axes           | 5 6 7 8 |  8.2
Invocations    | 1 2 4 6 |  6.3
Dodging        | |  2.4
Stealth        | |  1.5

Action                     |  1- 3 |  4- 6 |  7- 9 || total
---------------------------+-------+-------+-------++-------
  Melee: Hand axe          |   116 |   178 |   110 ||   404
         Punch             |     2 |       |       ||     2
 Invoke: Recite            |       |     2 |     2 ||     4
    Use: Potion            |       |     1 |     2 ||     3
   Stab: Sleeping          |     5 |       |       ||     5
 Armour: Robe              |    23 |       |       ||    23
         Scale mail        |    10 |       |       ||    10
         Plate armour      |       |    91 |    60 ||   151
  Dodge: Dodged            |    67 |    47 |    26 ||   140
  Block: Buckler           |     3 |    16 |    15 ||    34

Table legend: (Time is in decaauts)
 A = Elapsed time spent in this place.
 B = Non-inter-level travel time spent in this place.
 C = Inter-level travel time spent in this place.
 D = Time resting spent in this place.
 E = Time spent auto-exploring this place.
 F = Levels seen in this place.
 G = Mean time per level.
                   A        B        C        D        E       F      G
               +--------+--------+--------+--------+--------+-----+--------+
         Total |   4177 |   3967 |    210 |    120 |   3068 |   5 |  835.4 |
       Dungeon |   4177 |   3967 |    210 |    120 |   3068 |   5 |  835.4 |
               +--------+--------+--------+--------+--------+-----+--------+

Top non-repeatable levels by time:
     D:3: 1217 daAuts
     D:4: 1021 daAuts
     D:2: 916 daAuts
     D:1: 572 daAuts
     D:5: 450 daAuts
